[Event "Early-Titled-Tuesday-Blitz-March-12-2024"]
[Site "Chess.com"]
[Date "2024.03.12"]
[Round "3"]
[White "Ze-Pequeno"]
[Black "RobertJFischer71"]
[Result "0-1"]
[WhiteElo "2199"]
[BlackElo "2575"]
[TimeControl "180+1"]
[EndTime "8:29:28 PDT"]
[Termination "RobertJFischer71 won on time"]

1. e4 e5 2. Nf3 Nc6 3. Nc3 Nf6 4. Bb5 Nd4 5. Nxd4 exd4 6. e5 dxc3 7. exf6 Qxf6 8. dxc3 Qe5+ 9. Qe2 Qxe2+ 10. Kxe2 c6 11.
Bd3 d5 12. c4 Be6 13. cxd5 Bxd5 14. f3 O-O-O 15. Be3 Kb8 16. Kf2 Bd6 17. g3 Rhe8 18.
Bd4 Be5 19. Bxe5+ Rxe5 20. a3 g6 21. Rhe1 Rde8 22. Rxe5 Rxe5 23. f4 Re7 24. Re1 Rd7 25. Re8+ Kc7 26. Ke3 c5 27. Be2 b6 28. c3 Bc6 29.
Rf8 Re7+ 30. Kd2 h5 31. h4 b5 32. Bd3 c4 33. Be2 Kb6 34. Rd8 Kc5 35. Bd1 a5 36.
Bc2 Bf3 37. Rc8+ Kb6 38. Rb8+ Kc6 39. Rc8+ Kb7 40. Rc5 Re2+ 41. Kc1 Re1+ 42. Kd2 Re2+ 43. Kc1 Kb6 44. Rc8 Rg2 45. Rf8 Rxg3 46. Rxf7 Rg4 47.
Rf6+ Kc5 48. Bxg6 Rxh4 49. Rf5+ Kb6 50. Be8 Rh1+ 51. Kd2 Rh2+ 52. Kc1 Be4 53. Rxb5+ Kc7 54. Rxh5 Rc2+ 55. Kd1 Rxb2 56. Rc5+ Kd8 57. Bf7 Bf3+ 58. Kc1 Rb3 0-1

[Event "Early-Titled-Tuesday-Blitz-March-12-2024"]
[Site "Chess.com"]
[Date "2024.03.12"]
[Round "3"]
[White "Susal_De_Silva"]
[Black "MidnightFox"]
[Result "1-0"]
[WhiteElo "2706"]
[BlackElo "2475"]
[TimeControl "180+1"]
[EndTime "8:29:33 PDT"]
[Termination "Susal_De_Silva won by checkmate"]

1. Nf3 g6 2. g3 Bg7 3. Bg2 Nf6 4. b3 O-O 5. Bb2 d6 6. d4 Bf5 7. O-O Qc8 8. Re1 Bh3 9. Bh1 h6 10. e4 Re8 11. Nbd2 Nbd7 12. e5 Nh7 13. c4 Ndf8 14. Qc2 Qg4 15. d5 Nd7 16. e6 fxe6 17. Bxg7 Kxg7 18.
Re4 Qf5 19. Nh4 Qf6 20. Rae1 e5 21. Bg2 Ng5 22. Bxh3 Nxh3+ 23. Kg2 Ng5 24. Rg4 Rf8 25. Ne4 Nxe4 26. Qxe4 g5 27. Nf3 Nc5 28. Qe3 e4 29. Nd4 a5 30. h4 Kg6 31. hxg5 hxg5 32. Rxe4 Rf7 33. Rxe7 Raf8 34. Rxf7 Rxf7 35. Ne6 Nxe6 36. dxe6 Re7 37. Qe4+ Qf5 38. Qxb7 Rxe6 39. Rxe6+ Qxe6 40. Qxc7 Qe4+ 41. Kh2 Qd4 42. Kg1 Qd1+ 43. Kg2 g4 44.
Qc6 Qd4 45. Qd5 Qf6 46. Qe4+ Kg7 47. Qxg4+ Kf7 48. Qf3 Ke6 49. Qxf6+ Kxf6 50. Kf3 Ke5 51. Ke3 Kf5 52. f3 Ke6 53. Ke4 Kf6 54. Kd5 Ke7 55. f4 Kd7 56. g4 Ke7 57. g5 Kd7 58. f5 Ke7 59. g6 Kd7 60. f6 Ke8 61. a3 Kf8 62. b4 a4 63. b5 Ke8 64. Kxd6 Kd8 65. c5 Kc8 66. c6 Kb8 67. b6 Kc8 68. f7 Kb8 69. g7 Kc8 70. f8=N Kb8 71. Ne6 Kc8 72.
g8=N Kb8 73. Nf6 Kc8 74. Nd5 Kb8 75. Nc5 Kc8 76. Nxa4 Kb8 77. Nc5 Kc8 78. a4 Kb8 79.
a5 Kc8 80. a6 Kb8 81. Nc3 Kc8 82. Nb5 Kb8 83. c7+ Kc8 84. b7# 1-0

[Event "Early-Titled-Tuesday-Blitz-March-12-2024"]
[Site "Chess.com"]
[Date "2024.03.12"]
[Round "3"]
[White "Jospem"]
[Black "SchmakAttack"]
[Result "1-0"]
[WhiteElo "3119"]
[BlackElo "2820"]
[TimeControl "180+1"]
[EndTime "8:29:35 PDT"]
[Termination "Jospem won by resignation"]

1. e4 g6 2. d4 Bg7 3. c3 d6 4. Bd3 Nc6 5. Nf3 e5 6. h3 Nf6 7. O-O O-O 8. Re1 h6 9. Nbd2 Nh5 10. dxe5 dxe5 11. Nc4 Be6 12. Bf1 Qf6 13. Ne3 Ne7 14. Ng4 Bxg4 15. hxg4 Nf4 16. Qb3 b6 17. g3 Nd3 18. Bxd3 Qxf3 19. Qd1 Qxd1 20. Rxd1 Rfd8 21. Be3 Nc8 22. Bb5 Nd6 23. Bc6 Rab8 24. b3 Kf8 25. a4 a5 26. Kf1 Ke7 27. Ke2 f5 28. gxf5 gxf5 29. Rh1 Nxe4 30. Bxe4 fxe4 31. Rh4 Rd3 32. Rc1 Rbd8 33. Rxe4 R3d5 34. Rh4 R8d6 35. c4 Rd3 36. c5 R6d5 37. cxb6 cxb6 38. Rc7+ Rd7 39. Rg4 Bf6 40. Rxd7+ Rxd7 41. Rg6 Rb7 42. Rxh6 Rb8 43. Rh7+ Ke6 44.
g4 b5 45. Ra7 bxa4 46. bxa4 Bd8 47. Ra6+ Kf7 48. Rd6 Be7 49. Rd5 Bb4 50. Rxe5 Rc8 51. Bb6 Rc4 52. f3 Rc2+ 53. Kf1 Rc3 54. Kg2 Rc2+ 55.
Kf1 Rc3 56. Rf5+ Ke6 57. Ke2 Rc2+ 58. Kd3 Rc3+ 59. Kd4 Ra3 60. Bxa5 Bxa5 61. Rxa5 Rxf3 62. g5 Rf4+ 63. Ke3 Rg4 64. Kf3 Rc4 65. Kg3 Kf7 66. Kf3 Kg6 67. Ke3 Rg4 68. Kd3 Rf4 69. Kc3 Rg4 70. Kb3 Rg3+ 71. Kb2 Rg4 72. Ra8 Rd4 73. Rg8+ Kf7 74. Ra8 Kg6 75. Kc3 Re4 76. a5 Kxg5 77. a6 Ra4 78. a7 1-0

[Event "Early-Titled-Tuesday-Blitz-March-12-2024"]
[Site "Chess.com"]
[Date "2024.03.12"]
[Round "3"]
[White "temus_galaktionov"]
[Black "ChelsieMonica"]
[Result "1-0"]
[WhiteElo "2882"]
[BlackElo "2540"]
[TimeControl "180+1"]
[EndTime "8:29:35 PDT"]
[Termination "temus_galaktionov won by resignation"]

1. d4 Nf6 2. Nf3 b6 3. c4 Bb7 4. g3 e6 5. Bg2 Be7 6. Nc3 O-O 7. Qc2 d5 8. cxd5 exd5 9. O-O c5 10. Rd1 Nc6 11.
dxc5 bxc5 12. Bg5 d4 13. Na4 Nb4 14. Qc1 Rc8 15. b3 Nbd5 16. Ne5 Qc7 17. Nc4 h6 18. Bd2 Qb8 19. Nab2 Nb6 20. Bf4 Qa8 21. Bxb7 Qxb7 22.
e3 Rfd8 23. exd4 cxd4 24. Be5 Ng4 25. Bxd4 Rxd4 26. Rxd4 Ne5 27. Nxe5 Rxc1+ 28. Rxc1 Ba3 29. Rc2 Bxb2 30. Rxb2 Qe7 31. Nf3 Qf6 32. Kg2 g5 33. h3 Qc6 34. Rbd2 Kg7 35. g4 Nc8 36. Rc4 Qb7 37.
Rcd4 Qc6 38. Rd7 Nb6 39. R7d6 Qb7 40. R2d3 a5 41. a4 Nc8 42. Rd7 Qc6 43. Kg3 Qe6 44.
h4 Qf6 45. hxg5 hxg5 46. R3d4 Kg6 47. Rd8 Qa6 48. Rg8+ Kh7 49. Rxg5 Ne7 50. Rd1 Ng6 51. Rh5+ Kg7 52. Rf5 Qb7 53. Rd3 Qb8+ 54. Kg2 Nf4+ 55.
Rxf4 Qxf4 56. Rd4 Qf6 57. g5 Qe6 58. Kg3 Qxb3 59. Kf4 Qb8+ 60. Ne5 Qb7 61. f3 Qc7 62. Rd7 Qc1+ 63. Kg4 Qg1+ 64. Kf5 Qb1+ 65. Kf4 Qb4+ 66. Kg3 Qe1+ 67. Kf4 Qb4+ 68. Kf5 Qxa4 69. Rxf7+ Kg8 70.
Ra7 Qc2+ 71. Kf6 Qc8 72. Rg7+ Kf8 73. Ng6+ Ke8 74. Rg8+ Kd7 75. Ne5+ Kc7 76. Rxc8+ Kxc8 77. g6 a4 78. g7 a3 79. g8=Q+ Kc7 80. Qa2 Kb6 81.
Qxa3 1-0

[Event "Early-Titled-Tuesday-Blitz-March-12-2024"]
[Site "Chess.com"]
[Date "2024.03.12"]
[Round "3"]
[White "Alenzer"]
[Black "nelsi"]
[Result "0-1"]
[WhiteElo "2158"]
[BlackElo "2437"]
[TimeControl "180+1"]
[EndTime "8:29:39 PDT"]
[Termination "nelsi won on time"]

1. e4 d5 2. exd5 Nf6 3. Bb5+ Bd7 4. Bc4 c6 5. dxc6 Nxc6 6. Nf3 Rc8 7. Bb3 e5 8. d3 Bc5 9. O-O O-O 10. Bg5 Bg4 11.
h3 Bh5 12. Nbd2 Qb6 13. Nc4 Qc7 14. Re1 b5 15. Ne3 Nd4 16. g4 Bg6 17. Bxf6 gxf6 18.
Nd5 Qd6 19. Nxd4 Bxd4 20. Qf3 Bxb2 21. Rab1 Bc3 22. Nxf6+ Kg7 23. Ne4 Bxe4 24. Rxe4 Qg6 25. Kh2 Bd4 26. Bd5 Rxc2 27. Re2 Rxe2 28. Qxe2 Rc8 29.
Rxb5 Rc3 30. Rb7 Qxd3 31. Rxf7+ Kh8 32. Rf8+ Kg7 33. Rg8+ Kf6 34. g5+ Ke7 35. Qg4 Kd6 36.
Qe6+ Kc5 37. Qc6+ Kb4 38. Rb8+ Bb6 39. a3+ Kxa3 40. Qd6+ Kb2 41. Rxb6+ axb6 42. Qxb6+ Kc1 43. Qe6 Qd2 44. Bg2 Qxf2 45. Qd5 Qg3+ 46. Kg1 Rd3 47. Qc4+ Kd2 48. Qb4+ Ke2 49. Qb2+ Rd2 50. Qb5+ Kd1 51. Qb1+ Ke2 52. Qb5+ Qd3 53. Qxe5+ Kd1 54. Qa1+ Kc2 55. Qa2+ Kc3 56. Qa3+ Kc4 57. Qa4+ Kc3 58. Qa3+ Kd4 59. Qb4+ Ke3 60. Qe7+ Kd4 61. Qd6+ Kc3 62. Qc5+ Qc4 63.
Qa3+ Kd4 64. Qd6+ Ke3 65. Qe5+ Kd3 66. Qd6+ Kc3 67. Qa3+ Kc2 68. Qe7 Rd1+ 69. Kh2 Qd4 70. Qe2+ Rd2 71. Qe6 Qd6+ 0-1

[Event "Early-Titled-Tuesday-Blitz-March-12-2024"]
[Site "Chess.com"]
[Date "2024.03.12"]
[Round "3"]
[White "bolwin"]
[Black "Kotofeyca"]
[Result "1-0"]
[WhiteElo "2249"]
[BlackElo "2450"]
[TimeControl "180+1"]
[EndTime "8:29:44 PDT"]
[Termination "bolwin won by resignation"]

1. Nf3 d5 2. c4 c6 3. d4 Nf6 4.
Nc3 dxc4 5. a4 Bg4 6. Ne5 Bh5 7.
f3 Nfd7 8. Nxc4 e5 9. dxe5 Qh4+ 10. g3 Qxc4 11. g4 Bg6 12. e4 Qb4 13. f4 Bxe4 14.
Rg1 Bc5 15. Rg3 Na6 16. a5 Qd4 17. Qxd4 Bxd4 18. Nxe4 Ndc5 19. Nd6+ Ke7 20. Nf5+ Kd7 21. Nxd4 Nb4 22. Bd2 Nd5 23. Bg2 f6 24. b4 fxe5 25. fxe5 Ne6 26. Nxe6 Kxe6 27. Bxd5+ cxd5 28. Bc3 Rac8 29. Kd2 Rc4 30. Rf1 d4 31. Ba1 Rhc8 32. Rf5 Rxb4 33.
Ra3 Rcc4 34. Kd3 g6 35. Rf8 Kxe5 36. Rf7 h5 37. gxh5 gxh5 38. Rh7 Rc1 39. Rxh5+ Ke6 40. Rh6+ Kf5 41. Rh4 Rd1+ 42. Kc2 Rh1 43. Bxd4 b6 44.
a6 Rc4+ 45. Kd2 Rcc1 46. Rf3+ Kg5 47. Rh8 Rhd1+ 48. Ke3 Re1+ 49. Kf2 Rf1+ 50. Kg2 Rg1+ 51. Kh3 Rc4 52. Rg8+ Kh6 53. Rxg1 Rxd4 54. Rg4 Rd2 55. Kg3 Ra2 56. Rf7 Rxa6 57. Rf8 Kh7 58. Rf5 Ra3+ 59.
Kh4 Ra5 60. Rxa5 bxa5 61. Ra4 a6 62. Rxa5 Kg6 63. Rxa6+ Kf5 64. Ra5+ Ke4 65. Kg5 Kd4 66. h4 Kc4 67. h5 Kb4 68. Rf5 Kc4 69. h6 Kd4 70. h7 Ke4 71. h8=Q 1-0

[Event "Early-Titled-Tuesday-Blitz-March-12-2024"]
[Site "Chess.com"]
[Date "2024.03.12"]
[Round "3"]
[White "sokidze"]
[Black "Cryptinz"]
[Result "1-0"]
[WhiteElo "2798"]
[BlackElo "2514"]
[TimeControl "180+1"]
[EndTime "8:29:45 PDT"]
[Termination "sokidze won on time"]

1. d4 d5 2. c4 c6 3. cxd5 cxd5 4. Bf4 Nc6 5. e3 Nf6 6. Nc3 Bg4 7. Qb3 Na5 8. Qa4+ Bd7 9. Qc2 Rc8 10. Bd3 e6 11. Nf3 Be7 12. h3 b5 13. a3 O-O 14.
O-O Nc4 15. Ne5 h6 16. Qe2 a6 17. a4 b4 18. Nxd7 Qxd7 19. Nb1 a5 20. b3 Na3 21. Nd2 Rc3 22. Bb5 Nxb5 23. Qxb5 Qxb5 24. axb5 Bd8 25. Bd6 Re8 26. Rac1 Rd3 27. Rfd1 Nd7 28. Kf1 Be7 29. Bxe7 Rxe7 30. Rc7 Rc3 31. Rc1 Rxc1+ 32. Rxc1 Nb6 33. Ra1 Ra7 34. Ke2 a4 35. bxa4 Nxa4 36. Ke1 Ra8 37. Nb3 Kf8 38. Nc5 Nb6 39. Rxa8+ Nxa8 40. Kd2 Ke7 41. Kc2 Kd6 42. Kb3 Kc7 43. Kxb4 Kb6 44. Nd7+ Kc7 45. Ne5 f6 46. Nd3 Nb6 47. Nc5 e5 48.
Ne6+ Kd6 49. Nxg7 exd4 50. Nf5+ Ke5 51. Nxd4 Kd6 52. Nf5+ Ke5 53. Nxh6 d4 54. exd4+ Kxd4 55. Nf5+ Ke5 56. Ne3 Kd4 57. Ka5 Kc5 58. h4 f5 59.
g3 f4 60. gxf4 Nd7 61. h5 Nf6 62. h6 Kd6 63. b6 Kc6 64. Ka6 Nd7 65. h7 Nc5+ 66.
Ka7 1-0

[Event "Early-Titled-Tuesday-Blitz-March-12-2024"]
[Site "Chess.com"]
[Date "2024.03.12"]
[Round "3"]
[White "NelsonLinda"]
[Black "waltereador"]
[Result "1-0"]
[WhiteElo "2616"]
[BlackElo "2324"]
[TimeControl "180+1"]
[EndTime "8:30:06 PDT"]
[Termination "NelsonLinda won by resignation"]

1. b3 d5 2. Bb2 c5 3. e3 Nf6 4.
Nf3 Nc6 5. Bb5 Bd7 6. O-O e6 7. d4 a6 8. Bxc6 Bxc6 9. Ne5 Rc8 10. Nd2 Be7 11. dxc5 Bxc5 12. Nxc6 Rxc6 13. Nf3 O-O 14. Qe2 Ne4 15. Rfd1 Qc8 16. Ne5 Rc7 17. c4 dxc4 18.
Nxc4 b5 19. Ne5 Be7 20. Rac1 Nc3 21. Bxc3 Rxc3 22. Qd2 Rxc1 23. Rxc1 Qb7 24. Qc2 Bd6 25. Nf3 h6 26. h3 Rd8 27. Qc6 Qa7 28. g3 Ba3 29.
Rc2 Rd1+ 30. Kg2 Rd8 31. Ne5 Qa8 32. Qxa8 Rxa8 33. Rc6 Be7 34. a4 bxa4 35. bxa4 a5 36. Nc4 Bb4 37. Kf3 g6 38. Ke4 Ra7 39. Ne5 Kg7 40. Rb6 Rc7 41. Nc6 Be1 42. Kf3 h5 43.
Ra6 Rd7 44. Ke2 Bc3 45. Nxa5 Rd2+ 46. Kf1 Ra2 47. Nc4 h4 48. gxh4 Bf6 49. Nd6 Bxh4 50. Ne4 Be7 51. Ra7 Bb4 52. Ng5 Kf6 53. Nxf7 Ra1+ 54.
Kg2 Ra2 55. Nh6 Bc5 56. Ra5 Bb6 57. Ra6 Bc5 58. Ng4+ Ke7 59. Kf3 Bb4 60. Ke4 Be1 61. Ra7+ Kd6 62. Ra6+ Ke7 63. Ke5 Bc3+ 64. Kf4 Be1 65.
f3 Rc2 66. Kg5 Rc8 67. Ra7+ Kd6 68. Ra6+ Ke7 69. Kxg6 Rg8+ 70. Kh7 Rb8 71. Ra7+ Kd6 72. Nf6 Rb3 73. Ng4 Bg3 74. Kg6 e5 75. Ra6+ Kc5 76.
Kf5 e4 77. Kxe4 Kb4 78. Rb6+ Kxa4 79. Rxb3 Kxb3 80. Kd5 Kc3 81. f4 Kd3 82. f5 Ke2 83. f6 Bh4 84. Ke6 Kf3 85. f7 Be7 86. Kxe7 1-0

[Event "Early-Titled-Tuesday-Blitz-March-12-2024"]
[Site "Chess.com"]
[Date "2024.03.12"]
[Round "3"]
[White "pirulillo"]
[Black "djano"]
[Result "1-0"]
[WhiteElo "2290"]
[BlackElo "2571"]
[TimeControl "180+1"]
[EndTime "8:30:13 PDT"]
[Termination "pirulillo won by resignation"]

1. e4 c5 2. Nf3 Nc6 3. Bb5 e5 4.
Bxc6 bxc6 5. d3 d6 6. h3 Be7 7. c3 f5 8. Nbd2 Nf6 9. Qe2 O-O 10. O-O Qe8 11. Re1 f4 12. d4 cxd4 13. cxd4 exd4 14.
Nxd4 Kh8 15. Qc4 Bd7 16. N2f3 Qh5 17. Ne6 d5 18. exd5 cxd5 19. Qc7 Bxe6 20. Rxe6 Bd8 21. Qd6 Bb6 22. Bxf4 Ne4 23. Qe5 Qxe5 24. Bxe5 Bxf2+ 25. Kh2 Rae8 26. Rxe8 Rxe8 27. Rd1 Rxe5 28. Nxe5 Bg3+ 29. Kg1 Bxe5 30. Rxd5 Bc7 31. b4 Kg8 32. a4 Nc3 33.
Rd3 Nxa4 34. Ra3 Bb6+ 35. Kf1 Nb2 36. Rc3 Nd1 37. Rc8+ Kf7 38. Ke2 Ne3 39. g4 Nd5 40. Rc4 g5 41. Kf3 Ke6 42. Ke4 Nf6+ 43. Kf3 Kd5 44. Rc8 Nd7 45. Rh8 Nf6 46. Rf8 Ke6 47. Rc8 Nd5 48. Rc4 Kd6 49. Ke4 Nf4 50. h4 Ne6 51. h5 h6 52. Kf5 Kd5 53. Rc8 Nf4 54. Rh8 Kc4 55. Rxh6 Kxb4 56. Kxg5 Nd3 57. Re6 Nc5 58.
Re8 Nb7 59. h6 Nd6 60. Re7 Bd4 61. h7 Nc4 62. Kg6 Ne5+ 63. Kh5 Nc6 64. Re6 Kc5 65. g5 Kd5 66. Re8 a5 67. g6 a4 68. Ra8 Na7 69.
Rxa7 Bxa7 70. h8=Q Bd4 71. Qd8+ Kc4 72. g7 Bxg7 73.
Qc7+ Kb3 74. Qxg7 Ka2 75. Qc3 a3 76. Kg4 Kb1 77. Qxa3 1-0

[Event "Early-Titled-Tuesday-Blitz-March-12-2024"]
[Site "Chess.com"]
[Date "2024.03.12"]
[Round "3"]
[White "BogdanDeac"]
[Black "Blitzstream"]
[Result "1/2-1/2"]
[WhiteElo "3052"]
[BlackElo "2804"]
[TimeControl "180+1"]
[EndTime "8:30:15 PDT"]
[Termination "Game drawn by repetition"]

1. d4 d5 2. Nf3 Nf6 3. Bf4 c5 4. e3 Nc6 5. c3 Qb6 6. Qc2 g6 7. Nbd2 Bf5 8. dxc5 Qxc5 9. Qb3 Qb6 10. Qxb6 axb6 11. Nd4 Bd7 12. Nb5 Rc8 13. Bc7 Bg7 14. Bxb6 O-O 15. Be2 Ne5 16. Bd4 Nc4 17. Nxc4 dxc4 18.
a4 Rfe8 19. O-O e5 20. Ba7 Bf8 21.
Rfd1 Re6 22. Bf3 e4 23. Be2 Ra6 24. Bd4 Nd5 25. Be5 Bc6 26. h3 Nb6 27. Nd6 Bxd6 28.
Bxd6 Rxa4 29. Bc5 Rxa1 30. Rxa1 Na4 31. Ba3 b5 32. Rd1 Ra8 33. Rc1 Rd8 34. Kf1 f5 35. Ke1 Kf7 36. Ra1 Ke6 37. Bd1 Ra8 38. Bc2 g5 39.
Ra2 Bd5 40. Ra1 h5 41. Kd2 h4 42. Rd1 g4 43. Rh1 Rh8 44. Rh2 Bc6 45. Kc1 Bd5 46.
Bb4 Bc6 47. Rh1 Bd5 48. Bd1 gxh3 49. Rxh3 Nb6 50. Bc5 Nd7 51. Bd4 Rg8 52. Rh2 Nf6 53.
Be2 Ng4 54. Rxh4 Nxf2 55. Rh6+ Kd7 56. Bf1 Nd3+ 57. Kb1 f4 58. exf4 Nxf4 59. Rh4 Nd3 60. Rh7+ Ke6 61. Rh6+ Kd7 62. Rh5 Kc6 63. Rh6+ Kd7 64.
g4 Rf8 65. Bh3 Nf4 66. Bf1 Ne6 67. Be2 Nxd4 68. cxd4 Rf2 69. Rh5 Kd6 70. Rh6+ Kc7 71. Rh5 Bc6 72. d5 Bd7 73. Bd1 e3 74. Re5 Rf1 75. Kc2 Rf2+ 76. Kc1 Rg2 77. g5 Kd6 78. Rxe3 Rxg5 79. Bc2 Rxd5 80. b3 Kc5 81. bxc4 bxc4 82. Rg3 Bf5 83. Bxf5 Rxf5 84. Kc2 Kb4 85. Kc1 Rf2 86. Rh3 Ra2 87. Rg3 Ra5 88. Rh3 Rd5 89. Rg3 Rf5 90. Rh3 Rf1+ 91. Kc2 Rf2+ 92. Kc1 c3 93. Rh8 Kb3 94. Rb8+ Kc4 95. Rc8+ Kd3 96. Rd8+ Kc4 97. Rc8+ Kb3 98. Rb8+ Kc4 99. Rc8+ 1/2-1/2

[Event "Early-Titled-Tuesday-Blitz-March-12-2024"]
[Site "Chess.com"]
[Date "2024.03.12"]
[Round "3"]
[White "PLAYER_2006_M"]
[Black "bascheyaro"]
[Result "0-1"]
[WhiteElo "2985"]
[BlackElo "2788"]
[TimeControl "180+1"]
[EndTime "8:30:17 PDT"]
[Termination "bascheyaro won by checkmate"]

1. e4 e6 2. d4 d5 3. e5 c5 4. c3 Qb6 5. Nf3 Bd7 6. Be2 Bb5 7. dxc5 Bxc5 8. b4 Bf8 9. Be3 Bxe2 10. Qxe2 Qc7 11.
O-O Ne7 12. Na3 a6 13. c4 Nbc6 14. Bc5 g6 15. Bd6 Qb6 16. b5 Na5 17. Rab1 Nxc4 18.
Nxc4 dxc4 19. Qxc4 Nd5 20. bxa6 Qxa6 21. Qxa6 bxa6 22. Bxf8 Kxf8 23. Rb7 h6 24. Rc1 Kg7 25. Nd4 Rhe8 26. g3 Kf8 27. Rc6 Re7 28. Rb3 Rd7 29. Ra3 Ne7 30. Rd6 Rxd6 31. exd6 Nf5 32. Nxf5 gxf5 33.
Rb3 a5 34. a4 Kg7 35. Kg2 Kf6 36. f4 Rd8 37. Rb6 Rc8 38. Rb2 Rd8 39. Rb6 Rc8 40.
Kf3 Rc5 41. Ke3 Rd5 42. Ra6 h5 43. Rb6 Kg6 44. Ra6 h4 45. Rc6 h3 46. Rb6 f6 47.
Rb5 Rxd6 48. Rxa5 Rc6 49. Ra8 Rc2 50. a5 Rxh2 51. a6 Ra2 52. Rh8 Rxa6 53. Rxh3 Ra3+ 54. Kf2 e5 55. Rh8 Ra2+ 56. Ke3 Ra3+ 57. Kf2 e4 58. Re8 Rf3+ 59. Kg2 Rc3 60. Re7 Rc2+ 61. Kh3 Rf2 62. Rd7 e3 63. Re7 e2 64. g4 Rf3+ 65. Kh4 Rxf4 66.
Rxe2 fxg4 67. Kg3 Kg5 68. Re8 Rf3+ 69. Kg2 f5 70. Rb8 Ra3 71. Rb4 Ra2+ 72. Kg1 f4 73. Rb8 f3 74. Kf1 Kf4 75. Ke1 Ra1+ 76. Kd2 f2 77.
Rf8+ Kg3 78. Ke2 f1=Q+ 79. Rxf1 Rxf1 80. Kxf1 Kh2 81. Kf2 g3+ 82. Kf3 g2 83. Kf4 g1=Q 84.
Kf5 Qe3 85. Kg4 Kg2 86. Kh5 Qg3 87. Kh6 Kf3 88. Kh7 Kf4 89. Kh8 Kf5 90. Kh7 Kf6 91.
Kh8 Qg7# 0-1

[Event "Early-Titled-Tuesday-Blitz-March-12-2024"]
[Site "Chess.com"]
[Date "2024.03.12"]
[Round "3"]
[White "Mikhail_Golubev"]
[Black "chess_blitz00"]
[Result "1-0"]
[WhiteElo "2708"]
[BlackElo "2481"]
[TimeControl "180+1"]
[EndTime "8:30:30 PDT"]
[Termination "Mikhail_Golubev won by resignation"]

1. e4 e6 2. d4 d5 3. Nc3 Bb4 4. e5 c5 5. a3 Bxc3+ 6. bxc3 Nc6 7. Nf3 Nge7 8. a4 Qa5 9. Bd2 c4 10. g3 Bd7 11. Bg2 h6 12. O-O O-O-O 13. Qc1 Nf5 14.
Qa3 Rde8 15. Rab1 Nb8 16. Rb4 Na6 17. Rbb1 Qxa4 18. Qb2 Qc6 19. Ra1 Qb6 20. Qa3 Bc6 21.
Rfb1 Qc7 22. h4 g6 23. Bf4 Qe7 24. Qb2 Qc7 25. Nd2 Reg8 26. Rxa6 bxa6 27. Nxc4 Kd7 28. Nd2 Rb8 29. Nb3 Ke7 30. Qa3+ Ke8 31. Ra1 Bb5 32.
Nc5 Qe7 33. Qa5 Kf8 34. Nxa6 Bxa6 35. Qxa6 Kg7 36. Bf1 Rhc8 37. Bd2 Qb7 38. Qxa7 Qxa7 39. Rxa7 Rb1 40. Kg2 h5 41. Kf3 Rb2 42. Bd3 Rb1 43. Ke2 Rcb8 44. Bg5 R8b7 45. Bf6+ Kg8 46. Ra8+ Rb8 47. Ra3 R1b7 48. Kd2 Ng7 49. c4 dxc4 50. Bxc4 Ne8 51. Bg5 Rc7 52. Bd3 Rb4 53. Ke3 Rb8 54. c4 Rbc8 55. d5 exd5 56. cxd5 Rd7 57. d6 Nxd6 58.
exd6 Rxd6 59. Bf4 Re6+ 60. Kf3 Rd8 61. Bc4 Ree8 62. Ba2 Rd7 63. Kg2 Ree7 64. Bc4 Re8 65.
Ra4 Red8 66. Bb5 Rb7 67. Bc6 Rb6 68. Bf3 Rf6 69. Bg5 Rdd6 70. Bxf6 Rxf6 71. Ra7 Kg7 72.
Bd5 Rf5 73. Ba2 Rf6 74. f4 Rf5 75. Kf3 Kf8 76. Ke4 Rf6 77. Bd5 Rf5 78. Rb7 Rf6 79. Rc7 Rf5 80. Rd7 Rf6 81. Rxf7+ Rxf7 82. Bxf7 Kxf7 83.
Ke5 Ke7 84. f5 Kf7 85. fxg6+ Kxg6 86. Ke6 Kg7 87. Kf5 Kh6 88. Kf6 Kh7 89. Kg5 Kg7 90.
Kxh5 Kh7 91. Kg5 Kg7 92. h5 Kh7 93. h6 Kh8 94. Kh5 Kh7 95. g4 Kh8 96. g5 Kg8 97. g6 Kh8 98. Kg5 Kg8 99. Kf6 Kh8 100. g7+ Kg8 101. h7+ Kxh7 102. Kf7 1-0

[Event "Early-Titled-Tuesday-Blitz-March-12-2024"]
[Site "Chess.com"]
[Date "2024.03.12"]
[Round "3"]
[White "Russian_berezka"]
[Black "matagordo"]
[Result "1/2-1/2"]
[WhiteElo "2575"]
[BlackElo "2257"]
[TimeControl "180+1"]
[EndTime "8:32:06 PDT"]
[Termination "Game drawn by 50-move rule"]

1. d4 Nf6 2. c4 d6 3. Nf3 g6 4. Nc3 Bf5 5. Qb3 b6 6. h3 Ne4 7. g4 Nxc3 8. gxf5 Ne4 9. fxg6 hxg6 10. Bg2 c6 11. Nd2 Nxd2 12. Bxd2 Bg7 13. Qd3 Qc8 14. O-O-O Qa6 15. Kb1 Nd7 16. Bxc6 Rc8 17. Bb5 Qb7 18. h4 a6 19. Ba4 Rb8 20. Bg5 b5 21. cxb5 axb5 22. Bb3 b4 23. f4 Qb5 24. Qxb5 Rxb5 25. Rc1 Rb8 26. f5 gxf5 27. e3 f6 28. Bf4 e5 29. Bg3 Ke7 30. Rc7 Rhc8 31. Rhc1 Kd8 32.
Ra7 Rxc1+ 33. Kxc1 Bh6 34. Be6 Bxe3+ 35. Kd1 Nb6 36. dxe5 dxe5 37. Bxf5 Nc4 38. b3 Bxa7 39. bxc4 Ke7 40. h5 Be3 41. Ke2 Bg5 42. Bf2 b3 43.
Bc5+ Kf7 44. axb3 Rxb3 45. Bg6+ Kg7 46. Bf2 Rb2+ 47. Kf3 Rb4 48. c5 Rc4 49. Be4 Kh6 50.
Bg6 f5 51. Bxf5 Kxh5 52. Be4 Kh6 53. c6 Kg7 54. Bb6 Bf6 55. c7 Rc3+ 56. Kg4 Kf7 57. Bf5 Ke7 58. c8=Q Rxc8 59. Bxc8 Kd6 60. Bf5 Ke7 61. Be4 Kf7 62. Kf5 Bg7 63. Bc7 Ke7 64.
Bd5 Kd7 65. Bb6 Kd6 66. Be4 Kd7 67. Ba5 Kd6 68. Bb4+ Kc7 69. Bd5 Kb6 70. Be7 Kc7 71. Kg6 Bh8 72. Kh7 Kd7 73. Bg5 Kd6 74. Be4 Bf6 75.
Bxf6 Ke6 76. Bh8 Kd6 77. Kg6 Ke6 78. Bg7 Ke7 79. Bxe5 Ke6 80. Bd4 Kd6 81. Kf5 Ke7 82.
Ke5 Kd7 83. Bd5 Kc7 84. Bc5 Kd7 85. Bd6 Kc8 86. Bc6 Kd8 87. Ke6 Kc8 88. Bf4 Kd8 89. Bd5 Ke8 90. Kd6 Kd8 91. Bg5+ Ke8 92. Be6 Kf8 93. Bf6 Ke8 94. Bd5 Kf8 95. Ke5 Ke8 96.
Kf5 Kd7 97. Be5 Ke7 98. Be6 Kd8 99. Kf6 Ke8 100. Bd6 Kd8 101. Bg4 Ke8 102. Ke6 Kd8 103. Bh5 Kc8 104. Be8 Kd8 105. Bb5 Kc8 106. Ke7 Kb7 107. Kd7 Kb6 108. Bc6 Ka6 109. Bd5 Kb6 110. Ke6 Kb5 111. Ke5 Kb6 112. Kd4 Kb5 113. Be4 Kb6 114. Kd5 Kb7 115. Bd3 Kb6 116. Bc4 Kb7 117. Kc5 Kc8 118. Kc6 Kd8 119. Bf7 Kc8 120. Be7 Kb8 121. Be6 Ka7 122. Bc5+ Ka6 123. Bb4 Ka7 124. Bc4 Kb8 125. Be6 Ka7 126. Bd5 Ka6 127. Bc4+ Ka7 128. Bc5+ Kb8 129. Bd5 1/2-1/2

[Event "Early-Titled-Tuesday-Blitz-March-12-2024"]
[Site "Chess.com"]
[Date "2024.03.12"]
[Round "4"]
[White "Kostukov_Alex"]
[Black "Abund"]
[Result "0-1"]
[WhiteElo "2333"]
[BlackElo "2785"]
[TimeControl "180+1"]
[EndTime "8:33:42 PDT"]
[Termination "Abund won by resignation"]

1. g3 g6 2. Bg2 Bg7 3. Nf3 e5 4. O-O d5 5. c4 d4 6. d3 Ne7 7. e3 dxe3 8. Bxe3 O-O 9. Nc3 Nbc6 10. d4 exd4 0-1

[Event "Early-Titled-Tuesday-Blitz-March-12-2024"]
[Site "Chess.com"]
[Date "2024.03.12"]
[Round "4"]
[White "Alexander_Moskalenko"]
[Black "Gabcur"]
[Result "1-0"]
[WhiteElo "2853"]
[BlackElo "2352"]
[TimeControl "180+1"]
[EndTime "8:34:26 PDT"]
[Termination "Alexander_Moskalenko won by resignation"]

1. e4 e6 2. d4 d5 3. Nd2 Nf6 4. e5 Nfd7 5. f4 c5 6. c3 cxd4 7.
cxd4 Nc6 8. Ndf3 h5 9. Bd3 g6 10. Ne2 Nb6 11. a3 a5 12. O-O a4 13. Ng5 Be7 14.
Qe1 Na5 15. Qg3 Bd7 16. Nxf7 Kxf7 17. Qxg6+ Kf8 18. f5 exf5 19. Bxf5 1-0

[Event "Early-Titled-Tuesday-Blitz-March-12-2024"]
[Site "Chess.com"]
[Date "2024.03.12"]
[Round "4"]
[White "LiadCuba"]
[Black "Ze-Pequeno"]
[Result "1-0"]
[WhiteElo "2510"]
[BlackElo "2197"]
[TimeControl "180+1"]
[EndTime "8:34:37 PDT"]
[Termination "LiadCuba won by resignation"]

1. d4 Nf6 2. c4 g6 3. Nc3 d5 4. cxd5 Nxd5 5. Bd2 Bg7 6. e4 Nb6 7. Be3 O-O 8. f4 c5 9. d5 e6 10. Bxc5 exd5 11. Bxf8 Qxf8 12. e5 1-0

[Event "Early-Titled-Tuesday-Blitz-March-12-2024"]
[Site "Chess.com"]
[Date "2024.03.12"]
[Round "4"]
[White "emeli_chess"]
[Black "xiaopang123"]
[Result "1-0"]
[WhiteElo "2401"]
[BlackElo "2127"]
[TimeControl "180+1"]
[EndTime "8:34:38 PDT"]
[Termination "emeli_chess won by resignation"]

1. d4 d5 2. c4 c6 3. Nc3 Nf6 4. e3 Bf5 5. Nf3 e6 6. Nh4 Be4 7. f3 Bg6 8. Bd2 Qc7 9. Qb3 Be7 10. Nxg6 hxg6 11. O-O-O a5 12. h4 a4 13. Qc2 dxc4 14.
Bxc4 b5 15. Nxb5 1-0

[Event "Early-Titled-Tuesday-Blitz-March-12-2024"]
[Site "Chess.com"]
[Date "2024.03.12"]
[Round "4"]
[White "javierfreilemartin"]
[Black "Pedrada88"]
[Result "0-1"]
[WhiteElo "2260"]
[BlackElo "2537"]
[TimeControl "180+1"]
[EndTime "8:35:06 PDT"]
[Termination "Pedrada88 won by resignation"]

1. c4 e5 2. Nc3 Bb4 3. Qc2 Nf6 4. e3 O-O 5. Nge2 Re8 6. d3 c6 7. a3 Bf8 8. g3 d5 9. Bg2 d4 10. exd4 exd4 11. Ne4 Nxe4 12. Bxe4 Bh3 13. f4 Na6 14. Kf2 Rxe4 15. dxe4 d3 16. Qd1 Bg4 17. b4 Bxe2 18. Qd2 Qd4+ 19. Kg2 Qxe4+ 0-1

[Event "Early-Titled-Tuesday-Blitz-March-12-2024"]
[Site "Chess.com"]
[Date "2024.03.12"]
[Round "4"]
[White "omeganebulapegasus"]
[Black "InitiatingASC"]
[Result "1-0"]
[WhiteElo "2804"]
[BlackElo "2341"]
[TimeControl "180+1"]
[EndTime "8:35:11 PDT"]
[Termination "omeganebulapegasus won by resignation"]

1. e4 c5 2. Nf3 Nc6 3. Bb5 Nf6 4. Nc3 g6 5. e5 Ng4 6. Bxc6 bxc6 7. h3 Nh6 8. Ne4 d6 9. exd6 exd6 10. d4 c4 11. O-O Bg7 12. Bg5 Qc7 13. Nf6+ Kf8 14.
Re1 Be6 15. d5 cxd5 16. Nd4 Nf5 17. Nxe6+ fxe6 18. Rxe6 Qf7 19. Qxd5 h6 20. Qxa8+ 1-0